3AAA
NOLENSVILLE KNIGHTS @ PENNSAUKEN FLYERS
07/29/2042
 
TOP OF THE 1ST
Nolensville Knights batting - Pitching for Pennsauken Flyers : RHP Dong-hua Hao
Pitching: RHP Dong-hua Hao
Batting: LHB Jorge Mateu 0-0: Ground out 4-3 (Groundball, 34, EV 83.8 MPH)
Batting: RHB Nick McGhee 0-0: Ground out 6-3 (Groundball, 6, EV 87.5 MPH)
Batting: LHB Russell Hamilton 0-0: Ball
1-0: Foul Ball, location: 2F
1-1: Ball
2-1: Reached on error, E3 (Groundball, 3, EV 85.6 MPH)
Batting: RHB Omar Luoa 0-0: Ball
1-0: Called Strike
1-1: Fly out, F4 (Popup, 4D, EV 46.9 MPH)
Top of the 1st over - 0 runs, 0 hits, 1 error, 1 left on base; Nolensville 0 - Pennsauken 0
BOTTOM OF THE 1ST
Pennsauken Flyers batting - Pitching for Nolensville Knights : RHP Steve Young
Pitching: RHP Steve Young
Batting: LHB Robby Caldwell 0-0: Ball
1-0: Swinging Strike
1-1: Called Strike
1-2: Ball
2-2: Foul Ball, location: 2F
2-2: Ball
3-2: Base on Balls
Batting: LHB Xiao-gang Qing 0-0: Ball
1-0: Ball
2-0: Called Strike
2-1: Called Strike
2-2: Ball
3-2: Foul Ball, location: 2F
3-2: Foul Ball, location: 2F
3-2: Base on Balls
Robby Caldwell to second
Batting: LHB Ethan Duffy 0-0: Fly out, F7 (Flyball, 7D, EV 91.9 MPH)
Runner from 2nd tags up, SAFE at 3rd, no throw by LF
Batting: RHB Alain Grosjean 0-0: Ball
1-0: Fly out, F8 (Flyball, 8RD, EV 101.9 MPH)
Runner from 3rd tags up, SCORES, throw by CF
Batting: LHB Rafael Barrueco 0-0: Foul Ball, location: 2F
0-1: Ball
1-1: Swinging Strike
1-2: Strikes out looking
Bottom of the 1st over - 1 run, 0 hits, 0 errors, 1 left on base; Nolensville 0 - Pennsauken 1
TOP OF THE 2ND
Nolensville Knights batting - Pitching for Pennsauken Flyers : RHP Dong-hua Hao
Batting: LHB Juan Jimínez 0-0: Called Strike
0-1: Foul Ball, location: 2F
0-2: Strikes out swinging
Batting: RHB Dale Goodman 0-0: Swinging Strike
0-1: Hit by Pitch
Batting: RHB Dave Maxwell 0-0: Ball
1-0: Ball
2-0: Ball
3-0: Called Strike
3-1: Called Strike
3-2: Foul Ball, location: 2F
3-2: Foul Ball, location: 2F
3-2: Fly out, F9 (Flyball, 89S, EV 81.2 MPH)
Batting: RHB Ace Felder 0-0: Called Strike
0-1: Swinging Strike
0-2: Foul Ball, location: 2F
0-2: Foul Ball, location: 2F
0-2: Strikes out looking
Top of the 2nd over - 0 runs, 0 hits, 0 errors, 1 left on base; Nolensville 0 - Pennsauken 1
BOTTOM OF THE 2ND
Pennsauken Flyers batting - Pitching for Nolensville Knights : RHP Steve Young
Batting: RHB Bras Castanheta 0-0: Called Strike
0-1: Foul Ball, location: 2F
0-2: Strikes out swinging
Batting: SHB Obke Preesman 0-0: Ball
1-0: Called Strike
1-1: Ball
2-1: Foul Ball, location: 2F
2-2: Foul Ball, location: 2F
2-2: TRIPLE (Flyball, 78XD, EV 91.2 MPH)
Batting: RHB Manuel Vallejo 0-0: Ball
1-0: Foul Ball, location: 2F
1-1: Called Strike
1-2: SINGLE (Groundball, 6S, EV 88.1 MPH) (infield hit)
Obke Preesman scores
Batting: SHB Ramón Muñóz 0-0: Foul Ball, location: 2F
0-1: Ball
1-1: Ball
2-1: Called Strike
2-2: Ball
3-2: SINGLE (Groundball, 3S, EV 84.4 MPH) (infield hit)
Manuel Vallejo to second
Batting: LHB Robby Caldwell 0-0: Ball
1-0: Foul Ball, location: 2F
1-1: Ball
2-1: Called Strike
2-2: Foul Ball, location: 2F
2-2: SINGLE (Groundball, 6MD, EV 106.9 MPH)
Manuel Vallejo to third
Ramón Muñóz to second
Runner from 3rd tries for Home, SAFE, throw by CF to home
Batting: LHB Xiao-gang Qing 0-0: Ball
1-0: Called Strike
1-1: Ball
2-1: Ball
3-1: Base on Balls
Ramón Muñóz to third
Robby Caldwell to second
Batting: LHB Ethan Duffy 0-0: Ball
1-0: Foul Ball, location: 2F
1-1: Ball
2-1: Ball
3-1: Foul Ball, location: 2F
3-2: GRAND SLAM HOME RUN (Flyball, 7LD, EV 103.8 MPH), Distance : 346 ft
Pitching: LHP Freddy Estrada
Batting: RHB Alain Grosjean 0-0: Ball
1-0: Foul Ball, location: 2F
1-1: Ball
2-1: Foul Ball, location: 2F
2-2: Ball
3-2: SINGLE (Groundball, 6D, EV 105.6 MPH)
Batting: LHB Rafael Barrueco 0-0: Fly out, F7 (Flyball, 7D, EV 91.2 MPH)
Batting: RHB Bras Castanheta 0-0: Fielders Choice at 2nd, 6-4 (Groundball, 56, EV 108.8 MPH)
Bottom of the 2nd over - 6 runs, 6 hits, 0 errors, 1 left on base; Nolensville 0 - Pennsauken 7
TOP OF THE 3RD
Nolensville Knights batting - Pitching for Pennsauken Flyers : RHP Dong-hua Hao
Batting: LHB Brian Harmon 0-0: Ball
1-0: Called Strike
1-1: SINGLE (Line Drive, 8LS, EV 105.0 MPH)
Batting: LHB Jorge Mateu 0-0: Foul Ball, location: 2F
0-1: SINGLE (Line Drive, 7LS, EV 101.9 MPH)
Brian Harmon to second
Batting: RHB Nick McGhee 0-0: Ball
1-0: Called Strike
1-1: Fielders Choice at 2nd, 4-6 (Groundball, 34, EV 76.2 MPH)
Brian Harmon to third
Batting: LHB Russell Hamilton 0-0: Ball
1-0: Called Strike
1-1: Ball
2-1: Fly out, F8 (Flyball, 8LS, EV 96.2 MPH)
Batting: RHB Omar Luoa 0-0: Ball
1-0: Called Strike
1-1: Ball
2-1: Ball
3-1: SINGLE (Line Drive, 4D, EV 97.5 MPH)
Brian Harmon scores
Nick McGhee to second
Batting: LHB Juan Jimínez 0-0: Ball
1-0: Ground out U3 (Groundball, 3, EV 87.5 MPH)
Top of the 3rd over - 1 run, 3 hits, 0 errors, 2 left on base; Nolensville 1 - Pennsauken 7
BOTTOM OF THE 3RD
Pennsauken Flyers batting - Pitching for Nolensville Knights : LHP Freddy Estrada
Batting: SHB Obke Preesman 0-0: Ball
1-0: Ball
2-0: Fly out, F8 (Flyball, 8LD, EV 106.2 MPH)
Batting: RHB Manuel Vallejo 0-0: Called Strike
0-1: Ball
1-1: Ball
2-1: Swinging Strike
2-2: Ball
3-2: Strikes out swinging
Batting: SHB Ramón Muñóz 0-0: Called Strike
0-1: Ball
1-1: SINGLE (Groundball, 56, EV 85.6 MPH) (infield hit)
Batting: LHB Robby Caldwell 0-0: Called Strike
0-1: Ball
1-1: Foul Ball, location: 2F
1-2: Ground out 4-3 (Groundball, 4, EV 107.5 MPH)
Bottom of the 3rd over - 0 runs, 1 hit, 0 errors, 1 left on base; Nolensville 1 - Pennsauken 7
TOP OF THE 4TH
Nolensville Knights batting - Pitching for Pennsauken Flyers : RHP Dong-hua Hao
Batting: RHB Dale Goodman 0-0: Reached on error, E5 (Groundball, 5S, EV 83.8 MPH)
Batting: RHB Dave Maxwell 0-0: Fly out, F9 (Flyball, 9S, EV 91.9 MPH)
Batting: RHB Ace Felder 0-0: Called Strike
0-1: Fly out, F8 (Flyball, 8LD, EV 108.8 MPH)
Batting: LHB Brian Harmon 0-0: Called Strike
0-1: Ball
1-1: Foul Ball, location: 2F
1-2: Ball
2-2: Ball
3-2: Foul Ball, location: 3F, Error on foul ball, E3
3-2: Strikes out swinging
Top of the 4th over - 0 runs, 0 hits, 2 errors, 1 left on base; Nolensville 1 - Pennsauken 7
BOTTOM OF THE 4TH
Pennsauken Flyers batting - Pitching for Nolensville Knights : LHP Freddy Estrada
Batting: LHB Xiao-gang Qing 0-0: Ball
1-0: Ball
2-0: Foul Ball, location: 2F
2-1: Ground out 5-3 (Groundball, 56S, EV 70.0 MPH)
Batting: LHB Ethan Duffy 0-0: Called Strike
0-1: Swinging Strike
0-2: Foul Ball, location: 2F
0-2: Strikes out swinging
Batting: RHB Alain Grosjean 0-0: Called Strike
0-1: Ball
1-1: Reached on error, E6 (Groundball, 6S, EV 88.8 MPH)
Batting: LHB Rafael Barrueco 0-0: SINGLE (Groundball, 3, EV 88.8 MPH) (infield hit)
Alain Grosjean to second
Batting: RHB Bras Castanheta 0-0: Ball
1-0: Ball
2-0: Ball
3-0: Called Strike
3-1: Foul Ball, location: 2F
3-2: Foul Ball, location: 2F
3-2: Base on Balls
Alain Grosjean to third
Rafael Barrueco to second
Batting: SHB Obke Preesman 0-0: Ball
1-0: Foul Ball, location: 2F
1-1: SINGLE (Flyball, 9S, EV 86.2 MPH)
Alain Grosjean scores
Rafael Barrueco to third
Bras Castanheta to second
Runner from 3rd tries for Home, SAFE, no throw by RF
Batting: RHB Manuel Vallejo 0-0: Ball
1-0: Ball
2-0: SINGLE (Groundball, 34D, EV 100.6 MPH)
Bras Castanheta to third
Obke Preesman to second
Runner from 3rd tries for Home, SAFE, throw by RF to home
Batting: SHB Ramón Muñóz 0-0: Called Strike
0-1: Ball
1-1: Ground out 1-3 (Groundball, 34S, EV 68.1 MPH)
Bottom of the 4th over - 3 runs, 3 hits, 1 error, 2 left on base; Nolensville 1 - Pennsauken 10
TOP OF THE 5TH
Nolensville Knights batting - Pitching for Pennsauken Flyers : RHP Dong-hua Hao
Batting: LHB Jorge Mateu 0-0: Called Strike
0-1: Foul Ball, location: 2F
0-2: Ground out 6-3 (Groundball, 6, EV 83.1 MPH)
Batting: RHB Nick McGhee 0-0: Ball
1-0: Ball
2-0: Ground out 4-3 (Groundball, 4M, EV 93.1 MPH)
Batting: LHB Russell Hamilton 0-0: Ball
1-0: Called Strike
1-1: SINGLE (Flyball, 78M, EV 97.5 MPH)
Batting: RHB Omar Luoa 0-0: Foul Ball, location: 2F
0-1: Called Strike
0-2: Ball
1-2: Foul Ball, location: 2F
1-2: DOUBLE (Line Drive, 89D, EV 110.6 MPH)
Russell Hamilton to third
Runner from 3rd tries for Home, SAFE, throw by CF to trailing runner, SAFE at third!
Batting: LHB Juan Jimínez 0-0: Ball
1-0: Called Strike
1-1: Ball
2-1: Fly out, F8 (Flyball, 78D, EV 99.4 MPH)
Top of the 5th over - 1 run, 2 hits, 0 errors, 1 left on base; Nolensville 2 - Pennsauken 10
BOTTOM OF THE 5TH
Pennsauken Flyers batting - Pitching for Nolensville Knights : LHP Freddy Estrada
Batting: LHB Robby Caldwell 0-0: Ball
1-0: Ball
2-0: Foul Ball, location: 2F
2-1: Ball
3-1: Fly out, F8 (Flyball, 89XD, EV 91.9 MPH)
Batting: LHB Xiao-gang Qing 0-0: Called Strike
0-1: Ground out 4-3 (Groundball, 4D, EV 86.9 MPH)
Batting: LHB Ethan Duffy 0-0: Ball
1-0: Ball
2-0: Foul Ball, location: 2F
2-1: Ball
3-1: Ground out 6-3 (Groundball, 6, EV 83.1 MPH)
Bottom of the 5th over - 0 runs, 0 hits, 0 errors, 0 left on base; Nolensville 2 - Pennsauken 10
TOP OF THE 6TH
Nolensville Knights batting - Pitching for Pennsauken Flyers : RHP Dong-hua Hao
Batting: RHB Dale Goodman 0-0: Ball
1-0: Called Strike
1-1: Ball
2-1: Called Strike
2-2: Ground out 6-3 (Groundball, 6, EV 100.6 MPH)
Batting: RHB Dave Maxwell 0-0: Swinging Strike
0-1: Ball
1-1: Ball
2-1: Foul Ball, location: 2F
2-2: Ground out 2-3 (Groundball, 15S, EV 68.1 MPH)
Batting: RHB Ace Felder 0-0: Called Strike
0-1: Ground out 6-3 (Groundball, 6, EV 107.5 MPH)
Top of the 6th over - 0 runs, 0 hits, 0 errors, 0 left on base; Nolensville 2 - Pennsauken 10
BOTTOM OF THE 6TH
Pennsauken Flyers batting - Pitching for Nolensville Knights : LHP Freddy Estrada
Batting: RHB Alain Grosjean 0-0: Ground out 6-3 (Groundball, 6, EV 83.1 MPH)
Batting: LHB Rafael Barrueco 0-0: Ball
1-0: Ground out U3 (Groundball, 3L, EV 85.0 MPH)
Batting: RHB Bras Castanheta 0-0: Called Strike
0-1: Ball
1-1: Foul Ball, location: 2F
1-2: Ball
2-2: Foul Ball, location: 2F
2-2: Foul Ball, location: 2F
2-2: Ball
3-2: Base on Balls
Batting: SHB Obke Preesman 0-0: Called Strike
0-1: Called Strike
0-2: Ball
1-2: Hit by Pitch
Bras Castanheta to second
Batting: RHB Manuel Vallejo 0-0: Ball
1-0: SINGLE (Line Drive, 34, EV 103.1 MPH)
Bras Castanheta to third
Obke Preesman to second
Runner from 3rd tries for Home, SAFE, throw by RF to home
Pitching: RHP Donnie Rawling
Batting: SHB Ramón Muñóz 0-0: Ball
1-0: Called Strike
1-1: Foul Ball, location: 2F
1-2: Strikes out swinging
Bottom of the 6th over - 1 run, 1 hit, 0 errors, 2 left on base; Nolensville 2 - Pennsauken 11
TOP OF THE 7TH
Nolensville Knights batting - Pitching for Pennsauken Flyers : RHP Dong-hua Hao
Batting: LHB Brian Harmon 0-0: Ball
1-0: Called Strike
1-1: Foul Ball, location: 2F
1-2: Strikes out swinging
Batting: LHB Jorge Mateu 0-0: Called Strike
0-1: Fly out, F7 (Flyball, 7S, EV 86.9 MPH)
Batting: RHB Nick McGhee 0-0: Called Strike
0-1: Ground out 5-3 (Groundball, 56, EV 115.6 MPH)
Top of the 7th over - 0 runs, 0 hits, 0 errors, 0 left on base; Nolensville 2 - Pennsauken 11
BOTTOM OF THE 7TH
Pennsauken Flyers batting - Pitching for Nolensville Knights : RHP Donnie Rawling
Pinch Hitting: SHB Mikk Tamm 0-0: SINGLE (Groundball, 56D, EV 103.8 MPH)
Pinch Hitting: RHB Adam Wiltern 0-0: Swinging Strike
0-1: Fly out, F8 (Flyball, 8RM, EV 83.1 MPH)
Batting: LHB Ethan Duffy 0-0: Ball
1-0: Called Strike
1-1: Ball
2-1: Called Strike
2-2: Ball
3-2: Foul Ball, location: 2F
3-2: Base on Balls
Mikk Tamm to second
Batting: RHB Alain Grosjean 0-0: Called Strike
0-1: Ball
1-1: Called Strike
1-2: Grounds into double play, 4-6-3 (Groundball, 34, EV 83.8 MPH)
Bottom of the 7th over - 0 runs, 1 hit, 0 errors, 1 left on base; Nolensville 2 - Pennsauken 11
TOP OF THE 8TH
Nolensville Knights batting - Pitching for Pennsauken Flyers : RHP Dong-hua Hao
Pitching: LHP François Boyer
Now at 1B: Juan Vázquez
Now at SS: Mikk Tamm
Batting: LHB Russell Hamilton 0-0: Swinging Strike
0-1: Ball
1-1: Foul Ball, location: 2F
1-2: Ball
2-2: Ball
3-2: Ground out 4-3 (Groundball, 34, EV 100.6 MPH)
Batting: RHB Omar Luoa 0-0: Ground out 6-3 (Groundball, 6, EV 91.2 MPH)
Batting: LHB Juan Jimínez 0-0: Ball
1-0: Foul Ball, location: 2F
1-1: Ball
2-1: Called Strike
2-2: Fly out, F8 (Flyball, 89S, EV 95.0 MPH)
Top of the 8th over - 0 runs, 0 hits, 0 errors, 0 left on base; Nolensville 2 - Pennsauken 11
BOTTOM OF THE 8TH
Pennsauken Flyers batting - Pitching for Nolensville Knights : RHP Donnie Rawling
Batting: LHB Rafael Barrueco 0-0: Foul Ball, location: 2F
0-1: Called Strike
0-2: Reaches on Catchers interference
Batting: RHB Bras Castanheta 0-0: Ball
1-0: Ball
2-0: Foul Ball, location: 2F
2-1: Swinging Strike
2-2: Strikes out swinging
Batting: SHB Obke Preesman 0-0: Called Strike
0-1: Ball
1-1: Fly out, F9 (Flyball, 9LS, EV 71.2 MPH)
Batting: RHB Manuel Vallejo 0-0: Called Strike
0-1: Ball
1-1: Ball
2-1: Foul Ball, location: 2F
2-2: Reached on error, E6 (Groundball, 6, EV 77.5 MPH)
Rafael Barrueco to second
Batting: SHB Ramón Muñóz 0-0: Swinging Strike
0-1: Called Strike
0-2: Ball
1-2: Ball
2-2: Foul Ball, location: 2F
2-2: Foul Ball, location: 2F
2-2: Ball
Wild Pitch!
Rafael Barrueco to third
Manuel Vallejo to second
3-2: Base on Balls
Batting: SHB Mikk Tamm 0-0: Called Strike
0-1: Fielders Choice at 2nd, 5-4 (Groundball, 56, EV 86.2 MPH)
Bottom of the 8th over - 0 runs, 0 hits, 2 errors, 3 left on base; Nolensville 2 - Pennsauken 11
TOP OF THE 9TH
Nolensville Knights batting - Pitching for Pennsauken Flyers : LHP François Boyer
Batting: RHB Dale Goodman 0-0: Ball
1-0: Fly out, F7 (Flyball, 78D, EV 94.4 MPH)
Pinch Hitting: RHB Francis Osborne 0-0: Ball
1-0: Called Strike
1-1: Ball
2-1: Foul Ball, location: 2F
2-2: Strikes out looking
Pinch Hitting: RHB Stu Taylor 0-0: Called Strike
0-1: SINGLE (Flyball, 78S, EV 96.2 MPH)
Batting: LHB Brian Harmon 0-0: Called Strike
0-1: Ball
1-1: Ground out U3 (Groundball, 3, EV 83.1 MPH)
Top of the 9th over - 0 runs, 1 hit, 0 errors, 1 left on base; Nolensville 2 - Pennsauken 11
Friday, March 26th, 2021 - OOTP Baseball 20.8 Build 74